 Dungeon Crawl Stone Soup version 0.17-a0-227-gf5308cc (webtiles) character file.

93209 BluebellGnoll the Unseen (level 15, -1/73 HPs)
             Began as a Spriggan Enchanter on Mar 30, 2015.
             Was a High Priest of Nemelex Xobeh.
             Slain by a spriggan rider
             ... wielding a +0 spear
              (18 damage)
             ... on level 3 of the Swamp.
             The game lasted 03:16:17 (33780 turns).

BluebellGnoll the Unseen (Spriggan Enchanter)      Turns: 33780, Time: 03:16:17

Health: -1/73      AC: 10    Str:  4    XL:     15   Next: 60%
Magic:  4/36       EV: 21    Int: 23    God:    Nemelex Xobeh [*****.]
Gold:   1865       SH:  7    Dex: 17    Spells: 8 memorised, 13 levels left

rFire  + . .     SeeInvis +     r - +6 quick blade
rCold  . . .     Clarity  .     f - +2 robe {MR+}
rNeg   . . .     SustAb   .     e - +2 buckler of Misanthropy {rF+}
rPois  +         Gourm    .     P - +2 hat
rElec  .         Spirit   .     (no cloak)
rCorr  .         Warding  .     (gloves unavailable)
rMut   +         Stasis   .     (boots unavailable)
MR     +++..                    M - amulet of resist mutation
Stlth  ++++++++..               Z - ring of poison resistance
                                p - ring of wizardry

@: stone skin, grasped by roots, quick, extremely resistant to hostile
enchantments, extraordinarily stealthy
A: unfitting armour, see invisible, herbivore 3, speed 3, slow metabolism 2
a: Triple Draw, Deal Four, Stack Five, Renounce Religion


You were on level 3 of the Swamp.
You worshipped Nemelex Xobeh.
Nemelex Xobeh was extremely pleased with you.
You were not hungry.

You visited 4 branches of the dungeon, and saw 26 of its levels.

You collected 1865 gold pieces.

Inventory:

Hand weapons
 r - a +6 quick blade (weapon)
Missiles
 l - 995 stones (quivered)
 n - 3 throwing nets
Armour
 e - the +2 buckler of Misanthropy (worn) {rF+}
   (You found it on level 1 of the Lair of Beasts)

   It protects you from fire.
 f - a +2 robe of magic resistance (worn)
 P - a +2 hat (worn)
Jewellery
 p - a ring of wizardry (left hand)
 u - an uncursed ring of protection from fire
 M - an amulet of resist mutation (around neck)
 X - an uncursed ring of teleportation
 Z - a ring of poison resistance (right hand)
Magical devices
 q - a wand of enslavement (24)
 A - a wand of fireball (10)
 K - a wand of confusion (19)
 R - a wand of lightning (12)
 S - a wand of draining (8)
Scrolls
 a - 8 scrolls of remove curse
 t - a scroll of immolation
 v - a scroll of enchant armour
 x - 2 scrolls of magic mapping
 y - 10 scrolls of teleportation
 C - 5 scrolls of identify
 I - 7 scrolls of recharging
 O - 6 scrolls of fear
 U - 2 scrolls of fog
Potions
 b - 4 potions of cancellation
 c - a potion of haste {unknown}
 g - 6 potions of brilliance
 j - 11 potions of curing
 k - 2 potions of invisibility
 m - a potion of beneficial mutation {unknown}
 o - 4 potions of might
 w - a potion of degeneration {unknown}
 z - 2 potions of magic
 B - a potion of flight {unknown}
 F - 5 potions of heal wounds
 G - 2 potions of resistance
 H - 3 potions of agility
 Q - a potion of berserk rage
Miscellaneous
 h - a plain deck of changes {drawn: 1}
 i - a plain deck of escape {drawn: 3}
 s - a plain deck of war {drawn: 3}
 D - a plain deck of war
 E - a legendary deck of war
 J - an ornate deck of changes {the Alchemist, left: 4}
 L - an ornate deck of destruction {the Storm, left: 3}
 N - a legendary deck of destruction {Venom, left: 3}
Comestibles
 d - 23 bread rations


   Skills:
 - Level 5.7 Fighting
 - Level 11.3 Short Blades
 - Level 16.2 Dodging
 + Level 17.7 Stealth
 - Level 10.1 Spellcasting
 - Level 7.7 Conjurations
 - Level 10.6 Hexes
 - Level 3.0 Translocations
 - Level 4.5 Air Magic
 - Level 4.9 Poison Magic
 * Level 13.1 Evocations


You had 13 spell levels left.
You knew the following spells:

 Your Spells              Type           Power        Failure   Level  Hunger
a - Repel Missiles        Chrm/Air       ###...       3%          2    None
b - Ensorcelled Hibernat  Hex/Ice        #####.       1%          2    None
c - Confuse               Hex            ######..     1%          3    None
d - Flight                Chrm/Air       ###.......   6%          3    None
e - Dazzling Spray        Conj/Hex       ######..     1%          3    None
g - Mephitic Cloud        Conj/Pois/Air  #####...     1%          3    None
i - Iskenderun's Mystic   Conj           #####...     1%          4    #......
z - Apportation           Tloc           ####......   1%          1    None


Dungeon Overview and Level Annotations

Branches:
Dungeon (14/15)            Temple (1/1) D:4            Lair (8/8) D:9
  Swamp (3/5) Lair:5       Spider (0/5) Lair:5        Slime (0/6) Lair:7
    Orc (0/4) D:11         Vaults (0/5) D:14

Altars:
Ashenzari
Cheibriados
Dithmenos
Elyvilon
Fedhas
Gozag
Kikubaaqudgha
Makhleb
Nemelex Xobeh
Okawaru
Qazlal
Ru
Sif Muna
Trog
Vehumet
Xom
Yredelemnul
Zin
The Shining One
Jiyva

Shops:
D:6 *

Portals:
Trove: D:10 (lose all piety)

Annotations:
D:3 Ngotmuk's ghost, average MiFi
Lair:4 dig, exclusion: oklob plant
Swamp:3 Donald


Innate Abilities, Weirdness & Mutations

You are tiny and cannot use many weapons and most armour.
You have supernaturally acute eyesight.
You are a herbivore.
You cover ground extremely quickly.
You need consume almost no food.


Message History

Unknown command.
The raven completely misses the spriggan rider.
The raven barely misses the spriggan rider.
The spriggan rider hits you from afar with a spear!!
The shambling mangrove misses you.
You hit the shambling mangrove but do no damage.
The shambling mangrove is almost destroyed.
Tangled roots snake along the ground.
The spriggan rider hits you from afar with a spear!
* * * LOW HITPOINT WARNING * * *
Unknown command.
Tangled roots snake along the ground.
The raven misses the spriggan rider.
The raven closely misses the spriggan rider.
Found a meat ration.
The spriggan rider is engulfed in noxious fumes.
Donald the Adventurer comes into view.
He is wielding an enchanted war axe.
The spriggan rider hits you from afar with a spear!!
You die...
Your body disappears without a glow.

≈♣ ♣♣♣♣ ♣♣≈..#÷..#.....≈.≈.
≈.♣♣♣≈.♣♣♣........##..##..≈
.≈♣.≈≈≈..........#.... .≈
♣♣♣♣♣≈..≈♣.†b♣..##.####..÷
.≈♣♣.≈.♣♣♣...≈§.#.......
≈.♣.≈≈≈.≈.§≈.≈..#.....#
..♣♣≈≈≈..≈...≈.i......#
.♣♣♣.....♣♣≈≈...#########
......≈≈.♣♣♣♣♣♣.@........
...≈≈≈≈≈≈≈♣ ♣♣.........
≈♣≈.≈≈≈≈.♣♣ @.≈§≈≈§≈≈
♣♣≈...≈♣♣♣ ......♣...
♣.....♣♣ ≈≈≈....%.≈≈
..≈≈.♣♣ ≈≈≈≈≈≈≈≈≈.. .....♣
.≈≈≈≈≈§≈≈≈. ♣≈..♣♣
≈....≈≈≈≈ ...♣ ..≈


You could see Donald, a spriggan rider and a raven (confused).

Vanquished Creatures
  Rupert (Lair:7)
  2 vault guards
  Fannar (D:14)
  Harold (Lair:4)
  The ghost of Ngotmuk the Envoy of Void, a powerful DsAK of Lugonu (D:12)
  2 catoblepae
  4 centaur warriors
  A death yak (Lair:8)
  6 hydras
  4 alligators
  A tengu warrior (D:13)
  Urug (Swamp:1)
  2 unseen horrors
  4 hill giants
  An orc knight (D:12)
  A wolf spider (D:14)
  An oklob plant (Lair:5)
  A salamander (shapeshifter) (D:14)
  A hornet (Swamp:2)
  6 ugly things
  2 griffons
  23 elephants
  A manticore (D:14)
  3 black mambas
  A centaur zombie (D:13)
  A torpor snail (Lair:8)
  2 gargoyles (D:11)
  Psyche (D:9)
  10 komodo dragons
  11 spiny frogs
  3 fire drakes
  8 trolls
  An efreet (D:14)
  2 spriggan druids (Lair:8)
  2 tengu conjurers
  8 polar bears (Lair:8)
  Sonja (D:13)
  A trapdoor spider zombie (D:10)
  4 giant leeches
  2 two-headed ogres
  24 blink frogs
  12 slime creatures
  14 ravens
  2 bog bodies
  2 baby alligators (Swamp:1)
  3 basilisks
  5 hungry ghosts
  A trapdoor spider (D:12)
  17 spriggans
  5 redbacks (Lair:8)
  A wyvern (D:14)
  44 yaks
  2 deep elf magi
  4 shadows
  6 hippogriffs
  2 wraiths
  15 vampire mosquitoes
  3 deep elf fighters (D:12)
  28 wolves
  2 wargs (D:9)
  Menkaure (D:6)
  A soldier ant (D:12)
  19 water moccasins
  9 swamp worms
  8 porcupines
  20 orc warriors
  2 swamp drakes
  2 phantoms
  7 sky beasts
  3 black bears
  4 ice beasts
  A necrophage (D:12)
  7 wasps
  13 crocodiles
  2 ogres
  7 centaurs
  Duvessa (D:6)
  A wyvern zombie (D:9)
  Blork the orc (D:8)
  20 giant frogs
  6 scorpions
  A water moccasin zombie (D:7)
  A wyvern skeleton (D:9)
  12 killer bees
  Dowan (D:6)
  10 crimson imps
  2 goliath beetles
  12 orc priests
  15 hounds
  7 jellies
  15 orc wizards
  2 centaur skeletons
  4 giant frog skeletons
  10 iguanas
  A killer bee zombie (D:8)
  4 hell rats (Lair:6)
  5 worker ants
  6 sheep (Lair:2)
  Ijyb (D:2)
  2 hound zombies
  A worker ant zombie (D:10)
  9 gnolls
  17 adders
  28 river rats
  2 shadow imps
  2 giant geckos
  An ooze (D:2)
  61 orcs
  22 bats
  4 giant cockroaches
  17 goblins
  22 hobgoblins
  12 jackals
  23 kobolds
  11 quokkas
  A ball python (D:2)
  A giant gecko skeleton (D:4)
  A giant gecko zombie (D:5)
  6 giant newts
  2 giant spores
  2 gnoll zombies (D:5)
  A quokka skeleton (D:6)
  12 rats
  11 ballistomycetes
  2 butterflies
  2 fungi (Lair:6)
840 creatures vanquished.

Vanquished Creatures (collateral kills)
  2 hydras
  2 gargoyles
  A bog body (Swamp:1)
  4 yaks (D:12)
  A sky beast (D:12)
  A wasp (Lair:8)
  A killer bee (D:11)
12 creatures vanquished.

Vanquished Creatures (others)
  A yaktaur captain (D:14)
  A dancing weapon (Lair:7)
  A deep elf mage (D:14)
  A chaos spawn (D:12)
  A killer bee (D:14)
  8 fungi
  4 plants
17 creatures vanquished.

Grand Total: 869 creatures vanquished

Notes
Turn   | Place    | Note
--------------------------------------------------------------
     0 | D:1      | BluebellGnoll, the Spriggan Enchanter, began the quest for the Orb.
     0 | D:1      | Reached XP level 1. HP: 9/9 MP: 4/4
   171 | D:1      | Reached skill level 5 in Stealth
   223 | D:1      | Reached XP level 2. HP: 7/13 MP: 3/7
   227 | D:1      | Learned a level 2 spell: Ensorcelled Hibernation
   617 | D:1      | Reached skill level 6 in Stealth
  1212 | D:2      | Reached XP level 3. HP: 16/16 MP: 6/9
  1217 | D:2      | Learned a level 3 spell: Confuse
  1512 | D:2      | Noticed Ijyb
  1614 | D:2      | Killed Ijyb
  1614 | D:2      | Reached XP level 4. HP: 14/21 MP: 5/14
  1619 | D:2      | Learned a level 3 spell: Dazzling Spray
  1796 | D:2      | Found a blossoming altar of Fedhas.
  1921 | D:3      | Noticed Ngotmuk's ghost (average MiFi)
  2589 | D:3      | Reached skill level 5 in Hexes
  2589 | D:3      | Reached XP level 5. HP: 22/24 MP: 13/18
  3289 | D:4      | Found a staircase to the Ecumenical Temple.
  3307 | Temple   | Entered the Ecumenical Temple
  3387 | Temple   | Became a worshipper of Nemelex Xobeh the Trickster
  3414 | D:4      | Received a gift from Nemelex Xobeh
  3478 | D:4      | Reached skill level 5 in Spellcasting
  3586 | D:4      | Reached XP level 6. HP: 28/28 MP: 1/21
  3937 | D:4      | Noticed an orc warrior
  4157 | D:4      | Killed an orc warrior
  4301 | D:4      | Found a glowing golden altar of the Shining One.
  4383 | D:5      | Entered Level 5 of the Dungeon
  4421 | D:5      | Reached XP level 7. HP: 32/32 MP: 21/24
  4610 | D:5      | Received a gift from Nemelex Xobeh
  4744 | D:5      | Reached skill level 7 in Stealth
  5271 | D:5      | Found a basalt altar of Yredelemnul.
  6049 | D:5      | Reached skill level 5 in Dodging
  6100 | D:6      | Noticed a yak
  6100 | D:6      | Noticed a yak
  6100 | D:6      | Noticed a yak
  6100 | D:6      | Noticed a yak
  6101 | D:6      | Noticed a yak
  6106 | D:6      | Killed a yak
  6112 | D:6      | Killed a yak
  6112 | D:6      | Reached XP level 8. HP: 36/36 MP: 15/26
  6115 | D:6      | Killed a yak
  6129 | D:6      | Killed a yak
  6129 | D:6      | Reached skill level 8 in Spellcasting
  6132 | D:6      | Killed a yak
  6304 | D:6      | Reached skill level 9 in Spellcasting
  6309 | D:6      | Learned a level 3 spell: Mephitic Cloud
  6317 | D:6      | Found Gshruotoll's Goods Gallery.
  6445 | D:6      | Reached skill level 1 in Air Magic
  6445 | D:6      | Reached skill level 1 in Poison Magic
  6669 | D:6      | Noticed Duvessa
  6671 | D:6      | Noticed Dowan
  6671 | D:6      | Noticed Menkaure
  6700 | D:6      | Killed Duvessa
  6700 | D:6      | Reached XP level 9. HP: 37/39 MP: 17/29
  6778 | D:6      | Killed Dowan
  6814 | D:6      | Killed Menkaure
  7234 | D:7      | Received a gift from Nemelex Xobeh
  8187 | D:7      | Reached skill level 10 in Stealth
  8338 | D:7      | Acquired Nemelex Xobeh's first power
  8400 | D:8      | Received a gift from Nemelex Xobeh
  8483 | D:8      | Reached skill level 5 in Short Blades
  8627 | D:8      | Reached skill level 11 in Stealth
  8908 | D:8      | You fall through a shaft for 2 floors!
  8908 | D:10     | Entered Level 10 of the Dungeon
  8908 | D:10     | Noticed a vault guard
  8909 | D:10     | Killed a vault guard
  8909 | D:10     | Reached skill level 10 in Dodging
  8909 | D:10     | Reached skill level 12 in Stealth
  8909 | D:10     | Reached XP level 10. HP: 44/44 MP: 24/30
  9073 | D:10     | Reached skill level 13 in Stealth
  9101 | D:10     | Noticed an unseen horror
  9118 | D:10     | Killed an unseen horror
  9493 | D:10     | Reached skill level 14 in Stealth
  9581 | D:10     | Received a gift from Nemelex Xobeh
 10000 | D:10     | Found a portal to a secret trove of treasure.
 10117 | D:9      | Received a gift from Nemelex Xobeh
 10140 | D:9      | Found a shadowy altar of Dithmenos.
 10141 | D:9      | Found a radiant altar of Vehumet.
 10141 | D:9      | Found an iron altar of Okawaru.
 10158 | D:9      | Reached skill level 1 in Evocations
 10187 | D:9      | Reached XP level 11. HP: 47/47 MP: 17/31
 10251 | D:9      | Found a deep blue altar of Sif Muna.
 10251 | D:9      | Found a stormy altar of Qazlal.
 10298 | D:9      | Reached skill level 5 in Evocations
 10340 | D:9      | Acquired Nemelex Xobeh's second power
 10418 | D:9      | Received a gift from Nemelex Xobeh
 10674 | D:8      | Noticed Blork the orc
 10686 | D:8      | Killed Blork the orc
 10900 | D:9      | Found a staircase to the Lair.
 11453 | D:9      | Noticed Psyche
 11467 | D:9      | Killed Psyche
 11776 | D:9      | Received a gift from Nemelex Xobeh
 11828 | Lair:1   | Entered Level 1 of the Lair of Beasts
 12075 | Lair:1   | Got a jewelled buckler
 12127 | Lair:1   | Reached skill level 10 in Evocations
 12217 | Lair:1   | Received a gift from Nemelex Xobeh
 12257 | Lair:1   | Reached skill level 1 in Fighting
 12855 | Lair:2   | Noticed a five-headed hydra
 12914 | Lair:2   | Killed a five-headed hydra
 13168 | Lair:2   | Reached skill level 5 in Fighting
 13248 | Lair:2   | Acquired Nemelex Xobeh's third power
 13474 | Lair:2   | Received a gift from Nemelex Xobeh
 13898 | Lair:2   | Learned a level 2 spell: Repel Missiles
 13991 | Lair:3   | Reached XP level 12. HP: 60/60 MP: 26/32
 14184 | Lair:3   | Found a dark tunnel.
 14270 | Lair:3   | Received a gift from Nemelex Xobeh
 14349 | Lair:3   | Noticed a seven-headed hydra
 14394 | Lair:3   | Killed a seven-headed hydra
 14542 | Lair:3   | Reached skill level 10 in Short Blades
 14890 | Lair:3   | Learned a level 1 spell: Apportation
 14974 | Lair:3   | Reached skill level 15 in Stealth
 15529 | Lair:4   | Reached skill level 16 in Stealth
 15748 | Lair:4   | Reached skill level 17 in Stealth
 15926 | Lair:4   | Got a bloodstained shortbow
 16083 | Lair:2   | Identified the +2 buckler of Misanthropy {rF+} (You found it on level 1 of the Lair of Beasts)
 16195 | Lair:4   | Noticed Harold
 16239 | Lair:4   | Reached skill level 1 in Conjurations
 16242 | Lair:4   | Killed Harold
 16430 | Lair:4   | Reached XP level 13. HP: 62/65 MP: 4/33
 17077 | Lair:5   | Found a staircase to the Swamp.
 17362 | Lair:5   | Received a gift from Nemelex Xobeh
 17532 | Lair:5   | Received a gift from Nemelex Xobeh
 17576 | Lair:5   | Found a hole to the Spider Nest.
 18012 | Lair:6   | Received a gift from Nemelex Xobeh
 18039 | Lair:6   | Found an ancient bone altar of Kikubaaqudgha.
 18267 | Lair:2   | Identified the +7 shortbow "Moisaviph" {freeze, rC+ Dex+2 Stlth-} (You found it on level 4 of the Lair of Beasts)
 18408 | Lair:6   | Got a transparent falchion
 19545 | Lair:7   | Received a gift from Nemelex Xobeh
 19550 | Lair:7   | Found a viscous altar of Jiyva.
 19552 | Lair:7   | Found a staircase to the Slime Pits.
 19563 | Lair:7   | Noticed Rupert
 19624 | Lair:7   | Killed Rupert
 19689 | Lair:7   | Received a gift from Nemelex Xobeh
 19711 | Lair:7   | Reached skill level 10 in Spellcasting
 19855 | Lair:7   | Received a gift from Nemelex Xobeh
 20634 | Lair:8   | Entered Level 8 of the Lair of Beasts
 20634 | Lair:8   | Received a gift from Nemelex Xobeh
 20830 | Lair:8   | Received a gift from Nemelex Xobeh
 21119 | Lair:2   | Learned a level 4 spell: Iskenderun's Mystic Blast
 21965 | Lair:8   | Reached skill level 5 in Conjurations
 22658 | Lair:8   | Reached XP level 14. HP: 69/69 MP: 20/35
 24565 | D:9      | Received a gift from Nemelex Xobeh
 25287 | D:11     | Found a staircase to the Orcish Mines.
 25716 | D:11     | Got a ripped robe
 25727 | D:11     | Identified the +1 robe of Ennui {Regen+} (You found it on level 11 of the Dungeon)
 25793 | D:11     | Received a gift from Nemelex Xobeh
 25969 | D:12     | Noticed Ngotmuk's ghost (powerful DsAK)
 26253 | D:12     | Killed Ngotmuk's ghost
 27041 | D:12     | Reached skill level 15 in Dodging
 27630 | D:12     | Found an iron altar of Okawaru.
 27631 | D:12     | Received a gift from Nemelex Xobeh
 27757 | D:12     | Got a translucent quick blade
 27759 | D:12     | Identified the +0 quick blade "Kuitaggyloc" {pierce, rElec rF+ MP-9 Dex+5} (You found it on level 12 of the Dungeon)
 28584 | D:13     | Received a gift from Nemelex Xobeh
 28662 | D:13     | Noticed Sonja
 28703 | D:13     | Killed Sonja
 29334 | D:13     | Reached XP level 15. HP: 73/73 MP: 36/36
 29857 | D:14     | Noticed Fannar
 29878 | D:14     | Killed Fannar
 30757 | D:14     | Received a gift from Nemelex Xobeh
 31022 | D:14     | Found a gate to the Vaults.
 31390 | Lair:2   | Learned a level 3 spell: Flight
 31481 | Swamp:1  | Entered Level 1 of the Swamp
 31615 | Swamp:1  | Reached skill level 1 in Translocations
 31723 | Swamp:1  | Got a polished spear
 31872 | Swamp:1  | Received a gift from Nemelex Xobeh
 31879 | Swamp:1  | Noticed Urug
 31904 | Swamp:1  | Killed Urug
 32953 | Swamp:2  | Reached skill level 10 in Hexes
 33309 | Swamp:2  | Received a gift from Nemelex Xobeh
 33780 | Swamp:3  | Noticed Donald
 33780 | Swamp:3  | Slain by a spriggan rider

Action                   |  1- 3 |  4- 6 |  7- 9 | 10-12 | 13-15 || total
-------------------------+-------+-------+-------+-------+-------++-------
Melee: Dagger            |   134 |   149 |   262 |   464 |   595 ||  1604
       Quick blade       |       |       |       |       |   427 ||   427
Throw: Stone             |       |     7 |     1 |     2 |     2 ||    12
 Cast: Corona            |    28 |    16 |    12 |     2 |       ||    58
       Ensorcelled Hiber |     2 |    26 |    77 |   117 |   121 ||   343
       Confuse           |     1 |    13 |    34 |    69 |   177 ||   294
       Dazzling Spray    |       |     1 |     4 |    41 |    71 ||   117
       Mephitic Cloud    |       |       |       |    13 |    56 ||    69
       Repel Missiles    |       |       |       |     1 |       ||     1
       Iskenderun's Myst |       |       |       |       |    44 ||    44
       Flight            |       |       |       |       |    17 ||    17
       Apportation       |       |       |       |       |     3 ||     3
Invok: Stack Five        |       |       |       |     1 |     4 ||     5
       Triple Draw       |       |       |       |       |     5 ||     5
       Deal Four         |       |       |       |       |     5 ||     5
Evoke: Wand              |       |       |       |    31 |     2 ||    33
       Deck              |       |       |       |     1 |     7 ||     8
  Use: Scroll            |     5 |     8 |     6 |    11 |    14 ||    44
 Stab: Sleeping          |    11 |    19 |    68 |    89 |   133 ||   320
       Confused          |     2 |     5 |    13 |    41 |   149 ||   210
       Invisible         |       |       |     5 |    29 |    17 ||    51
       Distracted        |       |       |       |     2 |    10 ||    12
       Petrifying        |       |       |       |       |     1 ||     1
  Eat: Fruit             |       |     9 |       |     5 |    11 ||    25
       Pizza             |       |       |       |     3 |     5 ||     8
       Royal jelly       |       |       |       |       |     1 ||     1
